 Dungeon Crawl Stone Soup version 0.25-a0-294-gea9b1ad (webtiles) character file.

Game seed: 4655382005947951472, levelgen mode: deterministic

129061 MrTaco21 the Warrior (level 17, -3/175 HPs)
             Began as a Gargoyle Fighter on Dec 17, 2019.
             Was an Initiate of Gozag.
             Killed from afar by a manticore (10 damage)
             ... with a volley of spikes
             ... on level 2 of the Shoals.
             The game lasted 01:43:20 (34206 turns).

MrTaco21 the Warrior (Gargoyle Fighter)            Turns: 34206, Time: 01:43:21

Health: -3/175     AC: 44    Str: 32    XL:     17   Next: 4%
Magic:  17/17      EV:  8    Int: 12    God:    Gozag
Gold:   7343       SH: 15    Dex:  9    Spells: 16/16 levels left

rFire    + + .     SeeInvis .   y - +2 whip (elec)
rCold    . . .     Gourm    .   V - +0 shield {AC+3}
rNeg     + + .     Faith    .   T - +4 plate armour of Miracles {rF+ rCorr Int+3}
rPois    ∞         Spirit   .   b - +0 helmet
rElec    +         Reflect  .   H - +2 cloak
rCorr    +         Harm     .   p - +0 pair of gloves
MR       +....                  (no boots)
Stlth    ..........             O - amulet of the acrobat
HPRegen  0.39/turn              i - ring of protection from fire
MPRegen  0.15/turn              K - ring of positive energy

@: berserking, barbed spikes, flying, slowed
A: big wings, negative energy resistance 1, electricity resistance, unbreathing,
petrification resistance, rot immunity, AC +12
a: Stop Flying, Potion Petition, Call Merchant, Bribe Branch, Renounce Religion


You were on level 2 of the Shoals.
You worshipped Gozag.
Gozag was greatly pleased with you.
You were not hungry.

You visited 4 branches of the dungeon, and saw 25 of its levels.

You collected 9092 gold pieces.
You spent 887 gold pieces at shops.
You paid 862 gold pieces to Gozag.

Inventory:

Hand Weapons
 y - a +2 whip of electrocution (weapon)
   (You took it off a kobold on level 3 of the Dungeon)
Missiles
 L - 3 throwing nets (quivered) {!f}
Armour
 b - a +0 helmet (worn)
   (You took it off Robin on level 2 of the Dungeon)
 p - a +0 pair of gloves (worn)
   (You found it on level 4 of the Dungeon)
 H - a +2 cloak (worn)
   (You found it on level 6 of the Dungeon)
 T - the +4 plate armour of Miracles (worn) {rF+ rCorr Int+3}
   (You bought it in a shop on level 2 of the Orcish Mines)

   It affects your intelligence (+3).
   It protects you from fire.
   It provides partial protection from all sources of acid and corrosion.
 V - a +0 shield of protection (worn)
   (You took it off a tengu warrior on level 12 of the Dungeon)
Jewellery
 i - a ring of protection from fire (left hand)
   (You found it on level 5 of the Dungeon)
 K - a ring of positive energy (right hand)
   (You found it on level 10 of the Dungeon)
 O - an amulet of the acrobat (around neck)
   (You found it on level 1 of the Shoals)
Wands
 c - a wand of disintegration (26)
   (You took it off a crimson imp on level 13 of the Dungeon)
 d - a wand of iceblast (18)
   (You found it on level 10 of the Dungeon)
 t - a wand of flame (23)
   (You took it off Edmund on level 4 of the Dungeon)
 v - a wand of digging (5)
   (You took it off an orc on level 10 of the Dungeon)
 w - a wand of random effects (71)
   (You took it off Grinder on level 4 of the Dungeon)
 x - a wand of acid (21)
   (You found it on level 10 of the Dungeon)
 N - a wand of polymorph (7)
   (You found it on level 5 of the Lair of Beasts)
Scrolls
 f - 5 scrolls of magic mapping
 j - 11 scrolls of remove curse {@r2}
 m - 7 scrolls of fog
 n - 5 scrolls of immolation {unknown}
 q - 5 scrolls of noise {!r}
 r - 2 scrolls of blinking
 s - 3 scrolls of teleportation {@r4}
 u - 5 scrolls of enchant armour
 A - a scroll of vulnerability {unknown}
 B - 3 scrolls of amnesia {unknown}
 C - 5 scrolls of fear
 E - 2 scrolls of random uselessness {unknown}
 J - a scroll of identify {@r1}
 M - 4 scrolls of torment {unknown}
 R - 4 scrolls of enchant weapon {unknown}
Potions
 a - 4 potions of curing {@q1}
 g - 4 potions of haste {@q3}
 h - 4 potions of brilliance
 l - 2 potions of cancellation {unknown}
 o - a potion of ambrosia {unknown}
 z - 2 potions of flight {unknown}
 D - 3 potions of lignification {!q}
 F - 3 potions of agility {unknown}
 G - 3 potions of magic
 I - 3 potions of mutation {!q}
 P - a potion of resistance
 Q - a potion of might
 S - 2 potions of berserk rage {unknown}
Comestibles
 e - 11 rations {!d}


   Skills:
 + Level 17.1 Fighting
 - Level 14.0 Maces & Flails
 + Level 17.1 Armour
 - Level 2.0 Stealth
 - Level 15.0 Shields


You had 16 spell levels left.
You didn't know any spells.
Your spell library contained the following spells:

 Spells                   Type           Power        Failure   Level  Hunger
 Animate Skeleton         Necr           N/A          82%         1    ##.....
 Apportation              Tloc           #.....       82%         1    ##.....
 Confusing Touch          Hex            #.....       82%         1    ##.....
 Magic Dart               Conj           #...         82%         1    ##.....
 Shock                    Conj/Air       #...         82%         1    ##.....
 Summon Small Mammal      Summ           #...         82%         1    ##.....
 Blink                    Tloc           N/A          91%         2    ###....
 Call Imp                 Summ           #.......     91%         2    ###....
 Corpse Rot               Necr/Air       N/A          91%         2    ###....
 Poisonous Vapours        Pois/Air       #.....       91%         2    ###....
 Slow                     Hex            #.......     91%         2    ###....
 Swiftness                Chrm/Air       #.......     91%         2    ###....
 Confuse                  Hex            #.......     99%         3    ####...
 Conjure Flame            Conj/Fire      #.......     99%         3    ####...
 Gell's Gravitas          Tloc           #.........   99%         3    ####...
 Mephitic Cloud           Conj/Pois/Air  #.......     99%         3    ####...
 Static Discharge         Conj/Air       #.......     99%         3    ####...
 Airstrike                Air            #.........   100%        4    #####..
 Petrify                  Tmut/Erth      #.......     100%        4    #####..
 Summon Lightning Spire   Summ/Air       #.......     100%        4    #####..
 Agony                    Necr           #.......     100%        5    ######.
 Dispel Undead            Necr           #.......     100%        5    ######.
 Excruciating Wounds      Chrm/Necr      #.........   100%        5    ######.
 Lightning Bolt           Conj/Air       #.........   100%        5    ######.
 Metabolic Englaciation   Hex/Ice        #.........   100%        5    ######.
 Silence                  Hex/Air        #.........   100%        5    ######.
 Yara's Violent Unravell  Hex/Tmut       #.........   100%        5    ######.
 Conjure Ball Lightning   Conj/Air       #.........   100%        6    #######
 Deflect Missiles         Chrm/Air       #.........   100%        6    #######
 Tornado                  Air            #.........   100%        9    #######
 Sublimation of Blood     Necr           Unusable     N/A         2    N/A

Dungeon Overview and Level Annotations

Branches:
Dungeon (15/15)            Temple (0/1) D:7            Lair (6/6) D:11
 Shoals (2/4) Lair:4       Spider (0/4) Lair:2        Slime (0/5) Lair:5
    Orc (2/2) D:11            Elf (0/3) Orc:2        Vaults (0/5) D:13
 Depths (0/5) D:15

Altars:
Elyvilon
Fedhas
Gozag
Hepliaklqana
Makhleb
Nemelex Xobeh
Okawaru
Qazlal
Trog
Uskayaw
Vehumet
Zin
The Shining One
Beogh
Jiyva

Shops:
D:4 (   D:9 (*   D:14 (   Orc:1 =   Orc:2 }([[

Portals:
Hell: Lair:6

Annotations:
D:15 1 runed translucent door
Shoals:2 Aizul, Polyphemus


Innate Abilities, Weirdness & Mutations

You are resistant to torment.
Your stone body is resilient. (AC +12)
You are immune to poison.
Your large and strong wings let you fly indefinitely.
You resist negative energy. (rN+)
You are resistant to electric shocks. (rElec)
You can survive without breathing.
You are immune to petrification.
You are immune to rotting.


Message History

[c] - 240 gold - might, agility and brilliance Purchase which effect?
You feel much better.
You feel better.
A red film seems to cover your vision as you go berserk!
You feel yourself moving faster!
You feel mighty!
The death yak is no longer petrified.
The merfolk impaler is no longer petrified.
Aizul says, "I wasn't actually sleeping!"
The centaur shoots an arrow.
The arrow hits you but does no damage.
The death yak is engulfed in calcifying dust.
The catoblepas gores you but does no damage.
The merfolk is engulfed in calcifying dust.
The merfolk stops moving altogether!
Polyphemus throws the death yak at you!
* * * LOW HITPOINT WARNING * * *
The manticore flicks its tail.
The volley of spikes hits you.
The barbed spikes become lodged in your body.
* * * LOW HITPOINT WARNING * * *
The merfolk is engulfed in calcifying dust.
The barbs in your skin will harm you if you move.
Continue?
Okay, then.
You are too berserk!
You are too berserk!
Okay, then.
You whack the cyclops! Lightning courses through the cyclops!!
The catoblepas gores you!
* * * LOW HITPOINT WARNING * * *
The cyclops barely misses you.
You hit the cyclops.
The wind drake is no longer petrified.
The faun stops moving altogether!
The merfolk is no longer petrified.
The centaur shoots an arrow.
You block the arrow.
The manticore flicks its tail.
The volley of spikes hits you!
The barbed spikes become lodged in your body.
* * * LOW HITPOINT WARNING * * *
The barbs in your skin will harm you if you move.
Continue?
Okay, then.
You whack the cyclops! The wind drake flaps its wings at you.
The air twists around and violently strikes you in flight.
* * * LOW HITPOINT WARNING * * *
The catoblepas gores you but does no damage.
Polyphemus throws the catoblepas at you!
You hit the cyclops but do no damage.
The centaur shoots an arrow.
The arrow hits you but does no damage. The cyclops barely misses you.
The manticore flicks its tail.
The volley of spikes hits you!
The barbed spikes become lodged in your body.
You die...
Your body crumbles into a pile of gold.

≈≈≈≈≈.###.≈≈...
≈..≈≈≈≈≈≈≈≈≈≈.....≈≈≈...
≈..≈≈≈≈≈≈≈≈≈...≈≈≈≈≈≈...
≈≈≈≈≈≈≈≈≈≈≈≈...≈≈≈≈≈≈...
≈≈≈≈≈≈≈≈..≈....≈≈≈≈≈≈P)≈
≈≈≈≈≈≈≈≈...........≈≈≈≈≈
≈≈≈≈≈≈≈......>....^.≈≈P≈
.≈≈≈≈.YCY###........P≈≈P
..≈≈≈..@..##....####.≈≈≈
..≈≈≈≈≈Y..#....## #.≈≈≈
≈.≈≈≈.≈mCH......####.≈≈≈
≈≈≈≈≈.cSmc..>....#..≈P≈≈
≈≈≈≈≈≈≈mmYH....≈≈..≈≈P≈≈
≈≈≈≈≈≈HH≈c....≈≈P≈≈≈≈≈≈≈
.c≈≈≈m≈kSc≈≈≈≈≈≈≈)≈≈P≈≈≈
..≈≈≈≈≈≈≈≈≈≈≈≈≈≈≈≈≈≈≈≈≈≈
....c≈c≈.≈≈≈≈≈≈≈≈≈≈≈..≈≈


You could see Polyphemus, Aizul, a merfolk impaler, 2 death yaks, a catoblepas,
a sea snake (petrified), a wind drake, 4 merfolk, 4 fauns, 3 manticores, a
cyclops, a hippogriff (petrified), a centaur and a dream sheep.

Vanquished Creatures
  A fire giant (D:15)
  An orc warlord (Orc:2)
  A dire elephant (Lair:6)
  2 ettins
  Snorg (D:10)
  A merfolk impaler (Shoals:1)
  Harold (D:10)
  Erolcha (D:12)
  11 hydras
  4 vault guards
  A merfolk avatar (Shoals:1)
  A catoblepas (D:13)
  5 centaur warriors
  Erica (D:10)
  4 two-headed ogres
  4 merfolk aquamancers (Shoals:1)
  The ghost of Despondentz the Quickloader, a journeyman KoHu of Dithmenos (D:9)
  5 death yaks
  The ghost of porkupine the Protected, a novice MiAK of Lugonu (D:9)
  3 tengu warriors
  3 orc high priests (Orc:2)
  Urug (Lair:2)
  A deep elf knight (D:15)
  4 skeletal warriors (D:15)
  A fire crab (Lair:6)
  3 unseen horrors
  A sixfirhy (Lair:5)
  Nergalle (Lair:3)
  7 sea snakes
  2 wizards
  6 orc knights
  4 harpies (Shoals:1)
  A deep elf mage (D:12)
  Pikel (D:8)
  10 ugly things
  6 orc sorcerers (Orc:2)
  2 fauns (Shoals:2)
  3 manticores
  6 cyclopes
  6 elephants
  2 black mambas (Lair:6)
  2 merfolk sirens (Shoals:2)
  A smoke demon (Lair:6)
  3 orange demons (Lair:6)
  11 spiny frogs
  9 gargoyles
  A torpor snail (Lair:6)
  3 rime drakes (Lair:6)
  An efreet (D:14)
  7 yaktaurs
  13 komodo dragons
  A queen bee (shapeshifter) (D:15)
  An ice devil (Lair:5)
  2 jumping spiders (Lair:2)
  6 merfolk
  5 trolls
  A red devil (Lair:6)
  A tengu conjurer (D:14)
  4 wind drakes (Shoals:1)
  2 hornets (D:13)
  Grinder (D:4)
  3 polar bears
  11 hippogriffs
  11 slime creatures
  2 snapping turtles (Shoals:1)
  16 blink frogs
  A dream sheep (Shoals:1)
  4 redbacks (Lair:2)
  A spriggan (D:7)
  2 shadows (D:11)
  A vampire (D:12)
  7 wyverns
  69 yaks
  4 wraiths
  Eustachio (D:6)
  2 hungry ghosts
  4 basilisks
  10 vampire mosquitoes
  A steam dragon (D:10)
  3 acid dragons (D:15)
  Edmund (D:4)
  2 wargs (Orc:2)
  2 soldier ants
  15 water moccasins
  10 porcupines
  4 hell hounds (Lair:6)
  6 sky beasts
  24 orc warriors
  14 ice beasts
  4 black bears
  2 eyes of draining
  10 ogres
  3 necrophages
  16 wolves
  4 phantoms
  21 centaurs
  18 crocodiles
  4 big kobolds
  20 bullfrogs
  10 scorpions
  11 killer bees
  4 wights
  4 howler monkeys
  5 crimson imps
  A bullfrog zombie (D:13)
  3 centaur zombies
  8 centaur skeletons
  4 hounds
  Crazy Yiuf (D:6)
  3 bullfrog skeletons
  18 orc priests
  7 jellies
  7 iguanas
  Natasha (thrice) (D:3)
  25 orc wizards
  13 worker ants
  A hound zombie (D:8)
  2 hound skeletons
  Robin (D:2)
  3 gnolls (D:10)
  A howler monkey skeleton (D:8)
  9 adders
  4 shadow imps
  2 white imps (D:9)
  An adder skeleton (D:9)
  3 worms
  2 dart slugs
  6 leopard geckos
  97 orcs
  2 ball pythons
  5 giant cockroaches
  10 goblins
  10 hobgoblins
  4 jackals
  27 kobolds
  6 quokkas
  10 bats
  A frilled lizard (D:1)
  A kobold (shapeshifter) (D:13)
  2 rats
  A fungus (D:11)
  3 plants
870 creatures vanquished.

Vanquished Creatures (others)
  A dream sheep (Shoals:2)
  3 slaves (D:9)
  An orc warrior (D:9)
  A water moccasin simulacrum (D:9)
  An orc wizard (Orc:2)
  3 orcs (D:9)
  A quokka simulacrum (D:9)
  4 fungi
  6 plants
21 creatures vanquished.

Grand Total: 891 creatures vanquished

Notes
Turn   | Place    | Note
-------+----------+-------------------------------------------
     0 | D:1      | MrTaco21 the Gargoyle Fighter began the quest for the Orb.
     0 | D:1      | Reached XP level 1. HP: 14/14 MP: 1/1
   227 | D:1      | Reached XP level 2. HP: 19/19 MP: 2/2
   717 | D:1      | Reached XP level 3. HP: 21/23 MP: 3/3
  1107 | D:2      | Noticed Robin
  1120 | D:2      | Killed Robin
  1208 | D:2      | Reached XP level 4. HP: 28/28 MP: 4/4
  1510 | D:3      | Found a hazy altar of Hepliaklqana.
  1582 | D:3      | Reached skill level 5 in Maces & Flails
  1582 | D:3      | Reached XP level 5. HP: 12/32 MP: 5/5
  2046 | D:3      | Noticed Natasha
  2051 | D:3      | Killed Natasha
  2192 | D:3      | Noticed Natasha
  2196 | D:3      | Killed Natasha
  2202 | D:3      | Noticed Natasha
  2210 | D:3      | Killed Natasha
  2295 | D:3      | Found an iron altar of Okawaru.
  2295 | D:3      | Found a hide-covered altar of Uskayaw.
  2504 | D:4      | Reached XP level 6. HP: 28/37 MP: 6/6
  2769 | D:4      | Found Atuynuniju's Weapon Shoppe.
  2857 | D:4      | Noticed Grinder
  2860 | D:4      | Killed Grinder
  2860 | D:4      | Reached XP level 7. HP: 41/41 MP: 7/7
  2887 | D:4      | Noticed Edmund
  2900 | D:4      | Killed Edmund
  3437 | D:5      | Entered Level 5 of the Dungeon
  3475 | D:5      | Reached XP level 8. HP: 35/46 MP: 8/8
  3607 | D:5      | Found a radiant altar of Vehumet.
  3608 | D:5      | Found a burning altar of Makhleb.
  3745 | D:5      | Found a sparkling altar of Nemelex Xobeh.
  3753 | D:5      | Reached skill level 10 in Maces & Flails
  4625 | D:6      | Reached XP level 9. HP: 51/51 MP: 9/9
  4833 | D:6      | Noticed Eustachio
  4846 | D:6      | Killed Eustachio
  5267 | D:6      | Found a runed translucent door.
  5268 | D:6      | Noticed Crazy Yiuf
  5278 | D:6      | Killed Crazy Yiuf
  5571 | D:7      | Got a bloodstained ring mail
  5759 | D:7      | Found a white marble altar of Elyvilon.
  5760 | D:7      | Found a glowing silver altar of Zin.
  5824 | D:7      | Found a staircase to the Ecumenical Temple.
  6094 | D:7      | Reached skill level 5 in Fighting
  6094 | D:7      | Reached skill level 5 in Armour
  6094 | D:7      | Reached skill level 5 in Shields
  6260 | D:8      | Reached XP level 10. HP: 55/59 MP: 10/10
  6274 | D:8      | Found a blossoming altar of Fedhas.
  6294 | D:8      | Identified the amulet "Cygouxog" {Harm *Drain rF+}
  6986 | D:9      | Noticed Pikel
  6994 | D:8      | Killed Pikel
  7100 | D:9      | Found Gozag's Platinum Reserve.
  7102 | D:9      | Noticed a two-headed ogre
  7402 | D:9      | Found a stormy altar of Qazlal.
  7526 | D:9      | Found a runed translucent gate.
  7528 | D:9      | Found a runed translucent gate.
  7529 | D:9      | Found a runed translucent gate.
  7585 | D:9      | Found an opulent altar of Gozag.
  7612 | D:9      | Became a worshipper of Gozag Ym Sagoz the Greedy
  7827 | D:9      | Found Baloibba's Weapon Boutique.
  8043 | D:9      | Noticed porkupine's ghost (novice MiAK)
  8107 | D:10     | Entered Level 10 of the Dungeon
  8356 | D:10     | Noticed an orc knight
  8358 | D:10     | Noticed a wizard
  8360 | D:10     | Noticed Harold
  8370 | D:10     | Noticed an orc knight
  8376 | D:10     | Noticed Snorg
  8376 | D:10     | Noticed Erica
  8627 | D:10     | Reached XP level 11. HP: 59/67 MP: 3/11
  8679 | D:10     | Found a runed translucent gate.
  8679 | D:10     | Found a runed translucent gate.
  8679 | D:10     | Found a runed translucent gate.
  8680 | D:10     | Found an opulent altar of Gozag.
  8879 | D:10     | Noticed a +7 long sword
  8922 | D:10     | Killed Snorg
  9011 | D:10     | Noticed a white ugly thing
  9043 | D:10     | Noticed Despondentz's ghost (journeyman KoHu)
  9068 | D:9      | Killed a white ugly thing
  9259 | D:10     | Found a transporter.
  9262 | D:10     | Noticed an ettin
  9263 | D:10     | Noticed a five-headed hydra
  9279 | D:10     | Found a transporter.
  9355 | D:10     | Noticed a centaur warrior
  9408 | D:10     | Killed Harold
  9611 | D:9      | Killed an orc knight
  9751 | D:10     | Killed a wizard
  9898 | D:9      | Killed an orc knight
 10018 | D:10     | Killed Erica
 10253 | D:9      | Killed Despondentz's ghost
 10334 | D:9      | Killed porkupine's ghost
 10392 | D:9      | Got the ring of Kindness {Fire}
 10428 | D:9      | Reached XP level 12. HP: 76/76 MP: 12/12
 10577 | D:11     | Found a stormy altar of Qazlal.
 11017 | D:11     | Found a staircase to the Lair.
 11077 | D:11     | Found a bloodstained altar of Trog.
 11742 | D:11     | Found a staircase to the Orcish Mines.
 11881 | D:11     | Noticed a four-headed hydra
 11958 | D:10     | Killed a four-headed hydra
 12365 | D:12     | Reached skill level 10 in Fighting
 12365 | D:12     | Reached skill level 10 in Armour
 12365 | D:12     | Reached skill level 10 in Shields
 12633 | D:12     | Noticed Erolcha
 12645 | D:12     | Killed Erolcha
 12929 | D:12     | Noticed an eight-headed hydra
 12948 | D:12     | Killed an eight-headed hydra
 13473 | D:12     | Reached XP level 13. HP: 72/83 MP: 13/13
 14268 | D:13     | Noticed a vault guard
 14268 | D:13     | Noticed a vault guard
 14344 | D:12     | Killed a vault guard
 14604 | D:13     | Identified the +7 quarterstaff "Umeunoit" {antimagic, rN++
                  | Stlth-}
 14924 | D:13     | Noticed a vault guard
 14925 | D:13     | Found a gate to the Vaults.
 15014 | D:12     | Killed a vault guard
 15562 | D:12     | Killed a vault guard
 16515 | D:13     | Identified the cursed +0 robe of Filth {Str+5 Stlth+}
 16519 | D:13     | Gained mutation: Your large and strong wings let you fly
                  | indefinitely. [Gargoyle growth]
 16519 | D:13     | Reached XP level 14. HP: 77/92 MP: 14/14
 16986 | D:13     | Got an encrusted buckler
 17007 | D:13     | Got a scorched spear
 17447 | D:13     | Got a slimy glaive
 17814 | Lair:1   | Entered Level 1 of the Lair of Beasts
 18018 | Lair:1   | Got a crystal trident
 18116 | Lair:1   | You are sucked into a shaft and drop 1 floor!
 18189 | Lair:2   | Found a glowing golden altar of the Shining One.
 18532 | Lair:2   | Noticed Urug
 18560 | Lair:2   | Killed Urug
 18607 | Lair:2   | Found a hole to the Spider Nest.
 18975 | Lair:3   | Noticed Nergalle
 18988 | Lair:3   | Killed Nergalle
 19897 | Lair:4   | Found a staircase to the Shoals.
 21106 | Lair:5   | Reached XP level 15. HP: 58/100 MP: 15/15
 21581 | Lair:5   | Found a viscous altar of Jiyva.
 21581 | Lair:5   | Found a staircase to the Slime Pits.
 21683 | Lair:5   | Got an ichor-stained robe
 22365 | Lair:6   | Entered Level 6 of the Lair of Beasts
 23566 | Lair:6   | Found a burning altar of Makhleb.
 24094 | Lair:6   | Found a blossoming altar of Fedhas.
 24831 | Lair:6   | Reached skill level 15 in Shields
 24883 | Lair:6   | Found a gateway to Hell.
 24890 | Lair:6   | Identified the Grimoire of Flight
 25107 | D:12     | Reached skill level 15 in Fighting
 25184 | D:14     | Reached skill level 15 in Armour
 25412 | D:14     | Reached skill level 1 in Stealth
 25630 | D:14     | Found Urada's Antique Weapon Boutique.
 25959 | D:14     | Reached XP level 16. HP: 101/108 MP: 16/16
 26733 | D:15     | Entered Level 15 of the Dungeon
 26846 | D:15     | Found a runed translucent door.
 26858 | D:15     | Found a glowing silver altar of Zin.
 27233 | D:15     | Found a staircase to the Depths.
 28547 | Orc:1    | Entered Level 1 of the Orcish Mines
 28547 | Orc:1    | Found Unuoxt's Jewellery Shoppe.
 28619 | Orc:2    | Entered Level 2 of the Orcish Mines
 29133 | Orc:2    | Found a roughly hewn altar of Beogh.
 29508 | Orc:2    | Found a staircase to the Elven Halls.
 29662 | Orc:2    | Found Wessi's Antique Armour Boutique.
 29676 | Orc:2    | Found Yvaeruer's Antique Armour Shoppe.
 29690 | Orc:2    | Found Vucwen's Weapon Shoppe.
 29692 | Orc:2    | Found Zamo's Gadget Boutique.
 31167 | Orc:2    | Bought a ruby-encrusted plate armour for 700 gold pieces
 31167 | Orc:2    | Bought a runed cloak for 187 gold pieces
 31167 | Orc:2    | Identified the +4 plate armour of Miracles {rF+ rCorr
                  | Int+3} (You bought it in a shop on level 2 of the Orcish
                  | Mines)
 32138 | Shoals:1 | Entered Level 1 of the Shoals
 33957 | Shoals:2 | Reached XP level 17. HP: 117/117 MP: 17/17
 34186 | Shoals:2 | Noticed Aizul
 34190 | Shoals:2 | Noticed Polyphemus
 34201 | Shoals:2 | HP: 3/117 [Polyphemus/large rock (25)]
 34206 | Shoals:2 | Killed from afar by a manticore

Levels and vault maps discovered:
D:1:      dpeg_arrival_long_road, layout_basic
D:2:      layout_rooms, uniq_robin
D:3:      layout_loops_cross, gammafunk_temple_overflow_pools,
          old_standard_altar, first_ration, uniq_natasha
D:4:      layout_basic, serial_shops, nicolae_shop_stone, uniq_edmund,
          uniq_grinder
D:5:      layout_cave_pools, grunt_temple_overflow_lords_of_destruction,
          nemelex_xobeh_ov_fountains_minmay, kennysheep_small_circle
D:6:      layout_basic, uniq_crazy_yiuf_cottage, uniq_eustachio
D:7:      layout_loops_corners, gammafunk_temple_overflow_statue,
          minmay_temple_entry_mist, minmay_misc_feat_encased, the_bakery,
          kennysheep_generic_room_14
D:8:      layout_rooms, fedhas_bush_and_centaur_altar
D:9:      layout_loops_cross, nicolae_gozag_zags_fifth_avenue,
          gammafunk_ghost_icy, serial_shops, nicolae_shop_stone,
          grunt_qazlal_clouds, uniq_pikel
D:10:     gammafunk_the_bubble [the_bubble_gammafunk_plus_minus],
          layout_irregular_city, ebering_ghost_gozag, sword_in_stone,
          uniq_erica, uniq_snorg
D:11:     cheibrodos_statue_roulette, layout_small_grid, david_lair_generic,
          orc_0_dummy, basic_altar, trog_ov_bears_minmay
D:12:     layout_stronghold, uniq_erolcha
D:13:     minmay_the_grid_square_5x5_4x4_mashed
          [minmay_the_grid_square_5x5_shuriken,
          minmay_the_grid_square_5x5_tetrominoes,
          minmay_the_grid_square_5x5_forky,
          minmay_the_grid_square_5x5_gyroscope,
          minmay_the_grid_square_5x5_almost_minimal,
          minmay_the_grid_square_5x5_prize_deathbox,
          minmay_the_grid_square_5x5_prize_snowflake,
          minmay_the_grid_square_5x5_half_checkered,
          minmay_the_grid_square_5x5_tri_point,
          minmay_the_grid_square_5x5_prize_waves,
          minmay_the_grid_square_5x5_prize_monsterx,
          minmay_the_grid_square_5x5_three_small,
          minmay_the_grid_square_5x5_inner_i,
          minmay_the_grid_square_5x5_sharp_hourglass,
          minmay_the_grid_square_5x5_three_walls, minmay_the_grid_square_5x5_n],
          layout_gridville, lightli_vaults_fourway_checkpoint
D:14:     layout_irregular_city, serial_shops, shop_fountains,
          lemuel_flamethrower_hall
D:15:     hangedman_depths_entry_civil_slaughter, layout_irregular_city,
          st_stairs_9, lemuel_angel_altar
Lair:1:   layout_long_grid, infiniplex_staircase_pool, grunt_megastairs_2
Lair:2:   layout_gridlike, nicolae_spider_entry_tight_spaces, basic_altar,
          uniq_urug
Lair:3:   layout_concentric_octagons, uniq_nergalle
Lair:4:   layout_small_grid, minmay_shoals_entry_centaurs, grunt_megastairs_3
Lair:5:   layout_long_grid, slime_altar_1, beast_lair_carwin_7
Lair:6:   evil_forest, layout_long_grid, basic_altar
Shoals:1: layout_shoals, nicolae_shoals_aquamancer_cove
Shoals:2: layout_shoals, uniq_aizul, uniq_polyphemus
Orc:1:    layout_caves, serial_shops, shop
Orc:2:    st_orc_elflike, layout_diamond_mine, david_defended_altar_orc

Skill      XL: |  1  2  3  4  5  6  7  8  9 10 11 12 13 14 15 16 |
---------------+-------------------------------------------------+-----
Maces & Flails | 3 4 5 6 8 9 11 12 13 14 | 14.0
Fighting       | 5 7 9 10 12 13 15 17 | 17.1
Armour         | 5 7 9 10 12 13 15 17 | 17.1
Shields        | 5 7 9 10 12 13 15 | 15.0
Stealth        | 2 |  2.0

Action                   |  1- 3 |  4- 6 |  7- 9 | 10-12 | 13-15 | 16-18 || total
-------------------------+-------+-------+-------+-------+-------+-------++-------
Melee: Flail             |   136 |    60 |       |       |       |       ||   196
       Whip              |       |    64 |   419 |  1234 |  2424 |  1175 ||  5316
Invok: Potion Petition   |       |       |       |       |       |     3 ||     3
 Abil: Evoke Flight      |       |       |       |     1 |       |       ||     1
       Fly               |       |       |       |       |     1 |       ||     1
Evoke: Wand              |       |       |       |     2 |       |       ||     2
  Use: Scroll            |       |       |     6 |     1 |     9 |     8 ||    24
       Potion            |       |       |       |       |     2 |     2 ||     4
 Stab: Distracted        |       |       |       |     2 |     9 |     9 ||    20
  Eat: Chunk             |     1 |     5 |    11 |     6 |       |       ||    23
       Ration            |       |       |       |     8 |    12 |     8 ||    28
Armor: Scale mail        |   105 |       |       |       |       |       ||   105
       Chain mail        |     5 |    75 |   164 |       |       |       ||   244
       Plate armour      |       |       |    25 |   475 |  1146 |   548 ||  2194
Dodge: Dodged            |    82 |    25 |    60 |   133 |   397 |   262 ||   959
Block: Shield            |   115 |    55 |   175 |   499 |  1262 |   659 ||  2765

Table legend:
 A = Non-vault XP
 B = Vault XP
 C = Vault XP percentage of total XP
 D = Non-vault monster count
 E = Vault monster count
 F = Vault count percentage of total count
                 A         B        C        D         E       F
            +---------+---------+-------+---------+---------+-------
      Total |  115419 |   68954 |  37.4 |     665 |     201 |  23.2
            +---------+---------+-------+---------+---------+-------
        D:1 |      40 |      16 |  28.6 |      21 |       8 |  27.6
        D:2 |      42 |      21 |  33.3 |      10 |       4 |  28.6
        D:3 |     149 |      35 |  19.0 |      16 |       1 |   5.9
        D:4 |     309 |     452 |  59.4 |      14 |       2 |  12.5
        D:5 |     960 |     136 |  12.4 |      38 |       4 |   9.5
        D:6 |     707 |     232 |  24.7 |      19 |       2 |   9.5
        D:7 |     821 |     260 |  24.1 |      25 |       2 |   7.4
        D:8 |     984 |     665 |  40.3 |      18 |       2 |  10.0
        D:9 |    2715 |    3502 |  56.3 |      28 |      12 |  30.0
       D:10 |    3595 |    8124 |  69.3 |      44 |      19 |  30.2
       D:11 |    2681 |    2962 |  52.5 |      33 |      10 |  23.3
       D:12 |   12142 |    5696 |  31.9 |      63 |      14 |  18.2
       D:13 |    8210 |   10896 |  57.0 |      39 |      34 |  46.6
       D:14 |   10488 |       0 |   0.0 |      31 |       0 |   0.0
       D:15 |   10613 |    5116 |  32.5 |      25 |       9 |  26.5
     Lair:1 |    3021 |     236 |   7.2 |      17 |       2 |  10.5
     Lair:2 |    2772 |    2310 |  45.5 |      12 |       7 |  36.8
     Lair:3 |    5022 |     769 |  13.3 |      22 |       1 |   4.3
     Lair:4 |    6778 |     846 |  11.1 |      28 |       6 |  17.6
     Lair:5 |   11356 |    4267 |  27.3 |      34 |       7 |  17.1
     Lair:6 |   10416 |   10655 |  50.6 |      45 |      24 |  34.8
   Shoals:1 |   11633 |    3327 |  22.2 |      23 |       4 |  14.8
   Shoals:2 |    4364 |       0 |   0.0 |       9 |       0 |   0.0
      Orc:1 |     116 |       0 |   0.0 |       1 |       0 |   0.0
      Orc:2 |    5485 |    8431 |  60.6 |      50 |      27 |  35.1
            +---------+---------+-------+---------+---------+-------
